 Dungeon Crawl Stone Soup version 0.22-a0-299-g43f9854 (webtiles) character file.

70 sankara the Firebug (level 4, -2/30 HPs)
             Began as a Demonspawn Fire Elementalist on Mar 25, 2018.
             Killed from afar by Sigmund (11 damage)
             ... with a puff of flame
             ... on level 2 of the Dungeon.
             The game lasted 00:12:07 (3417 turns).

sankara the Firebug (Demonspawn Fire Elementalist)  Turns: 3417, Time: 00:12:08

Health: -2/30      AC:  2    Str:  8    XL:     4   Next: 3%
Magic:  8/8        EV: 12    Int: 17    God:
Gold:   78         SH:  0    Dex: 14    Spells: 4/8 levels left

rFire    . . .     SeeInvis .   a - +0 whip
rCold    . . .     Gourm    .   (no shield)
rNeg     . . .     Faith    .   e - +0 robe
rPois    .         Spirit   .   (no helmet)
rElec    .         Reflect  .   (no cloak)
rCorr    +         Harm     .   (no gloves)
MR       .....                  (no boots)
Stlth    ++........             (no amulet)
HPRegen  0.10/turn              p - ring of resist corrosion
MPRegen  0.11/turn              (no ring)

@: starving
A: demonic guardian 1
a: no special abilities


You were on level 2 of the Dungeon.
You were starving.

You visited 1 branch of the dungeon, and saw 2 of its levels.

You collected 78 gold pieces.

Inventory:

Hand Weapons
 a - a +0 whip (weapon)
   (You found it on level 1 of the Dungeon)
Missiles
 h - 71 stones (quivered)
 m - 38 sling bullets
Armour
 e - a +0 robe (worn)
 n - a +2 leather armour of fire resistance
   (You found it on level 1 of the Dungeon)
 o - a +0 pair of gloves
   (You found it on level 1 of the Dungeon)
Jewellery
 p - a ring of resist corrosion (left hand)
   (You found it on level 2 of the Dungeon)
Scrolls
 d - a scroll of magic mapping {unknown}
 f - a scroll of noise {unknown}
 g - a scroll of immolation {unknown}
 i - 4 scrolls of identify {unknown}
 k - 2 scrolls of teleportation {unknown}
 s - a scroll of remove curse {unknown}
 t - a scroll of enchant weapon {unknown}
 u - a scroll of fog {unknown}
Potions
 b - a potion of degeneration {unknown}
 j - a potion of ambrosia {unknown}
 l - a potion of mutation {unknown}
 q - a potion of might {unknown}
Comestibles
 c - 6 rations


   Skills:
 - Level 1.7 Dodging
 - Level 1.7 Stealth
 + Level 2.8 Spellcasting
 + Level 2.3 Conjurations
 + Level 3.3 Fire Magic


You had 4 spell levels left.
You knew the following spells:

 Your Spells              Type           Power        Failure   Level  Hunger
a - Flame Tongue          Conj/Fire      ##...        5%          1    #......
b - Conjure Flame         Conj/Fire      ##......     16%         3    ###....


Dungeon Overview and Level Annotations

Branches:
Dungeon (2/15)

Altars:
Fedhas

Annotations:
D:2 Sigmund


Innate Abilities, Weirdness & Mutations

A weak demonic guardian rushes to your aid.


Message History

A magic dart appears from out of thin air!
The magic dart hits your quasit. Something closely misses your quasit.
Your quasit disappears in a puff of smoke!
Something hits you.
There is an escape hatch in the ceiling here.
You hear some strange, mumbled words.
A magic dart appears from out of thin air!
The magic dart hits you!
You miss something. Something hits you.
You hit something. Something hits you.
You closely miss something. You completely miss something. Something hits you.
* * * LOW HITPOINT WARNING * * *
You closely miss something. Something hits you!
* * * LOW HITPOINT WARNING * * *
It was a potion of invisibility.
You fade into invisibility!
You are very lightly contaminated with residual magic.
You hear some strange, mumbled words.
You are confused.
There is an escape hatch in the ceiling here.
You're too confused to cast spells.
Unknown command.
You hear some strange, mumbled words.
You are more confused.
A mysterious force pulls you upwards. The hatch slams shut behind you.
You're too confused!
There is a stone staircase leading down here.
You bump into the rock wall.
You feel less confused.
There is an open door here.
There is a stone staircase leading down here.
You start resting.
You flicker for a moment.
You start resting.
You flicker back into view.
You start resting.
You are feeling very hungry.
You start resting.
Your magical contamination has completely faded away.
You start resting.
You are near starving!
You start resting.
HP restored.
You climb downwards.
Level annotation: Sigmund
There is a stone staircase leading up here.
Key pressed, stopping explore.
Autopickup is now on.
A rat comes into view.
You see here a notched gilded ring.
p - a notched gilded ring Put on which piece of jewellery? (? for menu, Esc to quit)
p - a ring of resist corrosion (left hand)
The rat twitches its whiskers.
You are starving!
The rat completely misses you.
You hit the rat but do no damage. The rat bites you. x2
You barely miss the rat. The rat closely misses you.
You barely miss the rat. The rat closely misses you.
You hit the rat but do no damage. The rat closely misses you.
You hit the rat but do no damage. The rat misses you.
You hit the rat but do no damage. The rat barely misses you.
You hit the rat but do no damage. The rat bites you.
You hit the rat.
You kill the rat!
You need to eat something NOW!
You need to eat something NOW!
Okay, then.
Found a stone staircase leading down.
Sigmund hits you from afar with a scythe!
Your quasit bites Sigmund.
Your quasit closely misses Sigmund.
Your quasit barely misses Sigmund.
Sigmund hits your quasit with a scythe!
Your quasit misses Sigmund.
Your quasit claws Sigmund but does no damage. x2
Your quasit bites Sigmund.
Your quasit claws Sigmund but does no damage.
Your quasit claws Sigmund.
Sigmund completely misses your quasit.
Your quasit bites Sigmund.
Your quasit claws Sigmund.
Your quasit claws Sigmund but does no damage.
Your quasit barely misses Sigmund.
Your quasit claws Sigmund but does no damage.
Your quasit claws Sigmund.
Sigmund misses your quasit.
Your quasit bites Sigmund.
Your quasit claws Sigmund.
Your quasit barely misses Sigmund.
Your quasit bites Sigmund but does no damage.
Your quasit claws Sigmund.
Your quasit barely misses Sigmund.
Sigmund hits your quasit with a scythe.
Your quasit barely misses Sigmund.
Your quasit closely misses Sigmund. x2
Your quasit bites Sigmund.
Your quasit claws Sigmund but does no damage.
Your quasit claws Sigmund.
Something hits your quasit. Sigmund gestures at you while chanting.
The puff of flame hits you!
* * * LOW HITPOINT WARNING * * *
Sigmund gestures at you while chanting. The puff of flame hits you!
You die...

#.#
#####.#.#.##.#
#.# #.#.#.##.#
##.#
#.#.#.##.#
#..#
##...###.#
#.## #..## #.#
#.# #..# #.#
#.######
##..####.##
#...5..#
#...##.....
######@#
#..........
#.#
#...##.#...
#@#
###.##.#...
#.# ....#....
#.# .#.##.#...
#.#
..#.####...
#.# #. #.#
##.# #.# #. #.
#.# #.# #.#


You could see Sigmund and a friendly white imp.

Vanquished Creatures
  An adder (D:2)
  3 dart slugs (D:1)
  A leopard gecko (D:2)
  A giant cockroach (D:1)
  3 goblins
  7 hobgoblins
  7 jackals
  5 kobolds
  2 ball pythons (D:1)
  7 bats
  7 frilled lizards
  9 rats
53 creatures vanquished.

Notes
Turn   | Place    | Note
-------+----------+-------------------------------------------
     0 | D:1      | sankara the Demonspawn Fire Elementalist began the quest for the Orb.
     0 | D:1      | Reached XP level 1. HP: 13/13 MP: 3/3
   391 | D:1      | Gained mutation: A weak demonic guardian rushes to your aid. [demonic ancestry]
   391 | D:1      | Reached XP level 2. HP: 19/19 MP: 3/5
   524 | D:1      | Reached skill level 3 in Fire Magic
   927 | D:1      | Reached XP level 3. HP: 24/24 MP: 4/6
  1166 | D:1      | Reached skill level 2 in Conjurations
  2152 | D:2      | Noticed Sigmund
  2378 | D:2      | Learned a level 3 spell: Conjure Flame
  2472 | D:2      | Reached XP level 4. HP: 29/30 MP: 3/8
  2554 | D:2      | HP: 3/30 [something (12)]
  2870 | D:2      | Found a blossoming altar of Fedhas.
  2928 | D:2      | HP: 1/30 [something (9)]
  3417 | D:2      | Killed from afar by Sigmund

Vault maps used:
D:1:      dpeg_arrival_houses_and_road, minmay_heptomino_d4
D:2:      fedhas_altar_2, uniq_sigmund

Skill      XL: |  1  2  3 |
---------------+----------+-----
Fire Magic     | 3 |  3.3
Conjurations   | 2 |  2.3
Dodging        | |  1.7
Stealth        | |  1.7
Spellcasting   | |  2.8

Action                   |  1- 3 |  4- 6 || total
-------------------------+-------+-------++-------
Melee: Whip              |    67 |    17 ||    84
       Unarmed           |     2 |       ||     2
Throw: Stone             |       |     4 ||     4
 Cast: Flame Tongue      |    63 |     3 ||    66
  Use: Potion            |       |     1 ||     1
 Stab: Sleeping          |     3 |       ||     3
  Eat: Chunk             |     5 |     1 ||     6
Armor: Robe              |    28 |       ||    28
Dodge: Dodged            |    70 |     9 ||    79

Table legend:
 A = Spawn XP
 B = Non-spawn XP
 C = Spawn XP percentage of total XP
 D = Spawn monster count
 E = Non-spawn monster count
 F = Spawn count percentage of total count
 G = Total turns spent on level
                    A         B        C        D         E        F      G
               +---------+---------+-------+---------+---------+-------+---------
         Total |       0 |     100 |   0.0 |       0 |      53 |   0.0 |  3417
               +---------+---------+-------+---------+---------+-------+---------
           D:1 |       0 |      60 |   0.0 |       0 |      35 |   0.0 |  2316
           D:2 |       0 |      40 |   0.0 |       0 |      18 |   0.0 |  1101
               +---------+---------+-------+---------+---------+-------+---------

Vault maps used:
D:1:      dpeg_arrival_houses_and_road, minmay_heptomino_d4
D:2:      fedhas_altar_2, uniq_sigmund

Table legend:
 A = Turns spent in this place as a percentage of turns spent in the entire game.
 B = Non-inter-level travel turns spent in this place as a percentage of non-inter-level travel turns spent in the entire game.
 C = Inter-level travel turns spent in this place as a percentage of turns spent in this place.
 D = Turns resting spent in this place as a percentage of non-inter-level travel turns spent in this place.
 E = Turns spent auto-exploring this place as a percentage of non-inter-level travel turns spent in this place.
 F = Non-inter-level travel turns spent in this place divided by the number of levels of this place that you've seen.
                   A       B       C       D       E      F
               +-------+-------+-------+-------+-------+----------------------
         Total | 100.0 | 100.0 |   3.6 |  41.6 |  35.0 | 1646.5
       Dungeon | 100.0 | 100.0 |   3.6 |  41.6 |  35.0 | 1646.5
               +-------+-------+-------+-------+-------+----------------------

Table legend:
 A = Kills in this place as a percentage of kills in entire the game.
 B = Kills by you in this place as a percentage of kills by you in the entire game.
 C = Kills by friends in this place as a percentage of kills by friends in the entire game.
 D = Other kills in this place as a percentage of other kills in the entire game.
 E = Experience gained in this place as a percentage of experience gained in the entire game.
 F = Experience gained in this place divided by the number of levels of this place that you have seen.
                   A       B       C       D       E      F
               +-------+-------+-------+-------+-------+----------------------
         Total | 100.0 | 100.0 |   N/A |   N/A | 100.0 |  50.0
       Dungeon | 100.0 | 100.0 |   N/A |   N/A | 100.0 |  50.0
               +-------+-------+-------+-------+-------+----------------------
